 Dungeon Crawl Stone Soup version 0.16.1-5-gaa23807 (console) character file.

20 gw the Vexing (level 2, -3/23 HPs)
             Began as a Ghoul Arcane Marksman on Mar 29, 2015.
             Killed from afar by Sigmund (10 damage)
             ... with a puff of flame
             ... on level 2 of the Dungeon.
             The game lasted 00:01:29 (1569 turns).

gw the Vexing (Ghoul Arcane Marksman)               Turns: 1569, Time: 00:01:29

Health: -3/23      AC:  3    Str: 14      XL:     2   Next: 79%
Magic:  1/3        EV: 11    Int:  7 (8)  God:
Gold:   112        SH:  0    Dex:  8      Spells: 1 memorised, 2 levels left

rFire  . . .     SeeInvis .     (no weapon)
rCold  + . .     Clarity  .     h - +0 leather armour
rNeg   + + +     SustAb   .     (no shield)
rPois  ∞         Gourm    .     (no helmet)
rElec  .         Spirit   .     (no cloak)
rCorr  .         Warding  .     (no gloves)
rMut   .         Stasis   .     (no boots)
MR     +....                    (no amulet)
Stlth  +.........               (no ring)
                                l - ring of protection from magic

@: rotting, somewhat resistant to hostile enchantments, very unstealthy
A: rotting body, claws 1, carnivore 3, cold resistance 1, negative energy
resistance 3, poison resistance, slow healing 1, torment resistance, unbreathing
a: no special abilities


You were on level 2 of the Dungeon.
You were not hungry.

You visited 1 branch of the dungeon, and saw 2 of its levels.

You collected 112 gold pieces.

Inventory:

Hand weapons
 b - a +0 hunting sling
Missiles
 c - 19 sling bullets
 f - 54 stones (quivered)
Armour
 h - a +0 leather armour (worn)
Jewellery
 l - a ring of protection from magic (left claw)
Scrolls
 g - a scroll of remove curse
 i - a scroll of random uselessness {unknown}
 j - a scroll of identify
 k - a scroll of enchant armour {unknown}
Potions
 a - a potion of haste {unknown}
 e - 2 potions of heal wounds
Books
 d - a book of Debilitation

   Spells                             Type                      Level
   a - Corona                         Hexes                        1
   b - Slow                           Hexes                        2
   c - Inner Flame                    Hexes/Fire                   3
   d - Enslavement                    Hexes                        4
   e - Cause Fear                     Hexes                        4
   f - Leda's Liquefaction            Hexes/Earth                  4
Comestibles
 o - 2 meat rations


   Skills:
 + Level 1.5 Fighting
 + Level 2.0 Slings
 + Level 0.6 Armour
 - Level 1.7 Dodging
 + Level 0.2 Unarmed Combat
 * Level 1.3 Spellcasting
 + Level 2.5 Hexes


You had 2 spell levels left.
You knew the following spells:

 Your Spells              Type           Power        Failure   Level  Hunger
a - Corona                Hex            #......      21%         1    ##.....


Dungeon Overview and Level Annotations

Branches:
Dungeon (2/15)

Altars:

Annotations:
D:2 Sigmund


Innate Abilities, Weirdness & Mutations

Your body is rotting away.
You thrive on raw meat.
You have sharp fingernails.
You are carnivorous and can eat meat at any time.
Your flesh is cold resistant.
You are immune to negative energy.
Your system is resistant to poisons.
You heal slowly when monsters are visible.
You are immune to unholy pain and torment.
You can survive without breathing.


Message History

Sigmund closely misses you.
ATTACK MOVE TO (0,1)
You scratch Sigmund.
Sigmund is almost dead.
Sigmund closely misses you.
ATTACK MOVE TO (0,1)
You scratch Sigmund.
Sigmund is almost dead.
The hobgoblin barely misses you.
ATTACK MOVE TO (0,1)
You scratch Sigmund but do no damage.
Sigmund is almost dead.
The hobgoblin closely misses you. Sigmund misses you.
ATTACK MOVE TO (0,1)
You scratch Sigmund but do no damage.
Sigmund is almost dead.
The hobgoblin hits you but does no damage.
Sigmund points at you and mumbles some strange words.
The puff of flame hits you!
You die...

#.#.#####.....#.#
#.#.....##....#.#
#.#.....##....#.#
#.#.....###...#.#
#.#.....###...#.#
#.#.............#
#.#.....####..###
#............>#
#############n#
#@g.# #...+ #...#
#.... ######


You could see Sigmund (bleeding) and a hobgoblin.

Table legend:
 A = Turns spent in this place as a percentage of turns spent in the entire game.
 B = Non-inter-level travel turns spent in this place as a percentage of non-inter-level travel turns spent in the entire game.
 C = Inter-level travel turns spent in this place as a percentage of turns spent in this place.
 D = Turns resting spent in this place as a percentage of non-inter-level travel turns spent in this place.
 E = Turns spent auto-exploring this place as a percentage of non-inter-level travel turns spent in this place.
 F = Non-inter-level travel turns spent in this place divided by the number of levels of this place that you've seen.
                   A       B       C       D       E      F
               +-------+-------+-------+-------+-------+----------------------
         Total | 100.0 | 100.0 |   0.5 |   2.5 |   2.4 | 1051.0
       Dungeon | 100.0 | 100.0 |   0.5 |   2.5 |   2.4 | 1051.0
               +-------+-------+-------+-------+-------+----------------------

Table legend:
 A = Kills in this place as a percentage of kills in entire the game.
 B = Kills by you in this place as a percentage of kills by you in the entire game.
 C = Kills by friends in this place as a percentage of kills by friends in the entire game.
 D = Other kills in this place as a percentage of other kills in the entire game.
 E = Experience gained in this place as a percentage of experience gained in the entire game.
 F = Experience gained in this place divided by the number of levels of this place that you have seen.
                   A       B       C       D       E      F
               +-------+-------+-------+-------+-------+----------------------
         Total | 100.0 | 100.0 |  -nan |  -nan | 100.0 |  14.5
       Dungeon | 100.0 | 100.0 |  -nan |  -nan | 100.0 |  14.5
               +-------+-------+-------+-------+-------+----------------------

Vanquished Creatures
  A giant gecko (D:1)
  3 hobgoblins
  2 kobolds
  A quokka (D:2)
  3 bats
  A giant cockroach (D:1)
  3 giant newts
  3 goblins
  2 rats (D:1)
19 creatures vanquished.

Notes
Turn   | Place    | Note
--------------------------------------------------------------
     0 | D:1      | gw, the Ghoul Arcane Marksman, began the quest for the Orb.
     0 | D:1      | Reached XP level 1. HP: 16/16 MP: 2/2
   442 | D:1      | Reached XP level 2. HP: 18/23 MP: 0/3
  1550 | D:2      | Noticed Sigmund
  1569 | D:2      | Killed from afar by Sigmund

Action                   || total
-------------------------++-------
Melee: Unarmed           ||    59
 Fire: Hunting sling     ||    20
 Cast: Corona            ||    28
  Use: Scroll            ||     4
       Potion            ||     4
  Eat: Chunk             ||     7

Vault maps used:
D:1:      dpeg_arrival_another_circle
D:2:      first_bread, uniq_sigmund
